 Dungeon Crawl Stone Soup version 0.19.1 (webtiles) character file.

52 M4edhros the Grave Robber (level 3, 0/21 HPs)
             Began as an Octopode Necromancer on Dec 22, 2016.
             Slain by an orc wizard
             ... wielding a +0 dagger
              (3 damage)
             ... on level 4 of the Dungeon.
             The game lasted 00:02:58 (592 turns).

M4edhros the Grave Robber (Octopode Necromancer)     Turns: 592, Time: 00:02:59

Health: 0/21       AC:  1    Str:  7    XL:     3   Next: 85%
Magic:  0/6        EV: 13    Int: 17    God:
Gold:   67         SH:  0    Dex: 13    Spells: 3 memorised, 1 level left

rFire  . . .     SeeInvis .       - Unarmed
rCold  . . .     Gourm    .     (no shield)
rNeg   . . .     Faith    .     (helmet restricted)
rPois  .         Spirit   .     (no amulet)
rElec  .         Reflect  .     (no ring)
rCorr  .         Harm     .     (no ring)
MR     .....                    (no ring)
Stlth  +++.......               (no ring)
                                (no ring)
                                (no ring)
                                (no ring)
                                (no ring)

@: no status effects
A: almost no armour, stealthy swim, amphibious, 8 rings, constrict 8, camouflage
1, gelatinous body 1
a: no special abilities


You were on level 4 of the Dungeon.
You were hungry.

You visited 1 branch of the dungeon, and saw 4 of its levels.

You collected 67 gold pieces.

Inventory:

Scrolls
 e - a scroll of noise {unknown}
 f - a scroll of blinking {unknown}
Potions
 d - a potion of degeneration {unknown}
 g - 2 potions of brilliance {unknown}
Books
 a - a book of Necromancy

   Spells                             Type                      Level
   a - Pain                           Necromancy                   1
   b - Animate Skeleton               Necromancy                   1
   c - Vampiric Draining              Necromancy                   3
   d - Regeneration                   Charms/Necromancy            3
   e - Animate Dead                   Necromancy                   4
   f - Control Undead                 Necromancy                   4
Comestibles
 b - a bread ration
 c - 4 chunks of flesh


   Skills:
 - Level 2.0 Dodging
 - Level 2.6 Stealth
 + Level 3.3 Unarmed Combat
 - Level 2.0 Spellcasting
 - Level 4.0 Necromancy


You had one spell level left.
You knew the following spells:

 Your Spells              Type           Power        Failure   Level  Hunger
a - Pain                  Necr           ###.         3%          1    #......
b - Animate Skeleton      Necr           N/A          3%          1    #......
c - Regeneration          Chrm/Necr      #.........   24%         3    ###....


Dungeon Overview and Level Annotations

Branches:
Dungeon (4/15)
 Temple: D:4-7

Altars:


Innate Abilities, Weirdness & Mutations

You cannot wear most types of armour.
You are very stealthy in the water. (Stealth+)
You are amphibious.
You can wear up to eight rings at the same time.
You can use your tentacles to constrict eight enemies at once.
Your skin changes colour to match your surroundings (Stealth+).
Your rubbery body absorbs attacks. (AC +1, EV +1)


Message History

You squeeze the orc wizard, but do no damage.
The orc wizard is moderately wounded.
The orc wizard hits you with a dagger.
You tentacle-slap the orc wizard. Your grab misses the orc wizard.
You tentacle-slap the orc wizard, but do no damage.
The orc wizard is heavily wounded.
The orc wizard mumbles some strange words.
The orc wizard seems to speed up.
You tentacle-slap the orc wizard. Your grab misses the orc wizard.
The orc wizard is severely wounded.
The orc wizard casts a spell at you. The puff of frost hits you!
* * * LOW HITPOINT WARNING * * *
Casting: Pain
Confirm with . or Enter, or press ? or * to list all spells.
Aiming: Pain
Press: ? - help, Shift-Dir - straight line, f/p - orc wizard
Aim: an orc wizard, wielding a dagger and wearing a robe (severely wounded, fast, chance to defeat MR: 73%)
The orc wizard writhes in agony!
The orc wizard hits you with a dagger.
You die...

### #<# #@#
###o### .
#.....##.#.
#..........
#.....##.##
#.....# #
#.....#
#.....#
#.....#


You could see an orc wizard.

Vanquished Creatures
  An adder (D:3)
  3 oozes
  A dart slug (D:1)
  A leopard gecko (D:1)
  An orc (D:3)
  A bat (D:2)
  3 giant cockroaches
  4 hobgoblins
  4 kobolds
  2 quokkas (D:3)
  A frilled lizard (D:1)
  A goblin (D:3)
  6 rats
29 creatures vanquished.

Notes
Turn   | Place    | Note
-------+----------+-------------------------------------------
     0 | D:1      | M4edhros the Octopode Necromancer began the quest for the Orb.
     0 | D:1      | Reached XP level 1. HP: 11/11 MP: 3/3
    57 | D:1      | Reached skill level 1 in Unarmed Combat
    89 | D:1      | Reached XP level 2. HP: 10/17 MP: 0/5
   149 | D:1      | Learned a level 1 spell: Animate Skeleton
   210 | D:2      | Reached XP level 3. HP: 9/21 MP: 2/6
   215 | D:2      | Learned a level 3 spell: Regeneration
   592 | D:4      | Slain by an orc wizard

Skill      XL: |  1  2  3 |
---------------+----------+-----
Unarmed Combat | 1 2 3 |  3.3
Dodging        | |  2.0
Stealth        | |  2.6
Spellcasting   | |  2.0
Necromancy     | |  4.0

Action                   || total
-------------------------++-------
Melee: Unarmed           ||    64
       Constrict         ||    13
       Tentacles         ||     9
       Punch             ||     1
 Cast: Pain              ||    24
       Animate Skeleton  ||     5
       Regeneration      ||     5
  Use: Potion            ||     2
 Stab: Sleeping          ||     2
Armor: Skin              ||     3
Dodge: Dodged            ||    34
